Map: Blackpink LE

Players

Snute - Winner!

  • Race: Zerg Zerg
  • Spawn Location: 1:00

DeMusliM

  • Race: Terran Terran
  • Spawn Location: 7:00

Event: WCS Leipzig 2018

VOD

Have the link to the VOD?

Description

Time

  • Played on: Jan. 26, 2018, 9:18 a.m.
  • Length: 13:11

All games in this series

Show
View Real Time Build Order
Export as new Build Order

Snute Zerg - Winner!

Build Orders: Pool First, Brood Lord Corruptor 

Get SALT Encoding   

  12  0:00  Drone  
  13  0:12  Overlord  
  13  0:17  Drone  
  14  0:31  Drone x2  
  14  0:34  Drone  
  17  0:44  Spawning Pool  
  17  0:47  Drone  
  17  1:07  Hatchery  
  17  1:10  Drone  
  17  1:13  Drone  
  17  1:15  Extractor  
  17  1:18  Drone  
  18  1:31  Queen  
  18  1:32  Zergling x2  
  21  1:39  Overlord  
  21  1:49  Drone  
  22  2:01  Drone  
  23  2:06  Queen  
  25  2:11  Overlord  
  25  2:15  Metabolic Boost  
  25  2:20  Drone  
  26  2:24  Drone  
  27  2:30  Drone  
  27  2:32  Queen  
  27  2:36  Drone  
  30  2:41  Drone  
  30  2:43  Drone x3  
  34  2:46  Drone  
  35  2:52  Overlord  
  35  3:07  Hatchery, Overlord  
  35  3:08  Drone  
  35  3:11  Drone x2  
  37  3:13  Drone  
  37  3:16  Drone  
  37  3:19  Drone x2  
  41  3:23  Overlord  
  41  3:29  Queen  
  41  3:31  Zergling x2  
  44  3:37  Zergling x6  
  47  3:43  Zergling x6  
  47  3:44  Zergling x2  
  47  3:48  Zergling x4  
  53  3:49  Zergling x2  
  53  3:52  Zergling x2  
  55  3:56  Overlord  
  55  4:01  Zergling x2  
  55  4:06  Zergling x2  
  55  4:07  Queen  
  58  4:16  Overlord  
  58  4:17  Drone  
  56  4:19  Drone  
  56  4:22  Queen  
  51  4:29  Drone x2  
  53  4:36  Queen  
  53  4:37  Drone x2  
  57  4:39  Drone  
  57  4:43  Queen  
  57  4:44  Drone x3  
  63  4:46  Drone  
  63  4:48  Drone  
  63  4:49  Drone  
  66  4:55  Drone x2  
  66  4:58  Queen  
  66  4:59  Evolution Chamber  
  70  5:00  Drone, Evolution Chamber  
  70  5:04  Spore Crawler  
  70  5:05  Spore Crawler  
  70  5:06  Drone, Spore Crawler  
  67  5:09  Drone x2  
  67  5:11  Drone  
  70  5:17  Drone  
  70  5:18  Drone x5  
  76  5:24  Drone x4  
  76  5:25  Drone  
  76  5:27  Zerg Missile Weapons Level 1  
  81  5:31  Zergling x2  
  82  5:37  Overlord  
  82  5:40  Zerg Ground Armor Level 1, Extractor x2  
  80  5:43  Roach Warren  
  80  5:47  Zergling x8  
  80  5:48  Overlord x2  
  81  5:50  Lair  
  81  5:52  Drone  
  81  5:53  Extractor  
  81  5:56  Overlord  
  81  5:59  Overlord  
  81  6:00  Drone x3, Extractor  
  81  6:01  Extractor  
  81  6:06  Drone x4  
  85  6:12  Drone x2  
  85  6:14  Overlord  
  85  6:15  Drone  
  85  6:16  Drone  
  89  6:19  Drone  
  89  6:23  Overlord  
  90  6:26  Roach x4  
  90  6:30  Roach  
  100  6:33  Roach  
  100  6:38  Roach  
  104  6:40  Drone x3  
  104  6:41  Roach  
  104  6:44  Hatchery  
  104  6:45  Roach  
  110  6:50  Glial Reconstitution  
  110  6:52  Infestation Pit  
  110  6:53  Roach  
  110  6:54  Roach  
  112  7:01  Roach x5  
  122  7:09  Roach x5  
  133  7:25  Hatchery  
  133  7:26  Zerg Missile Weapons Level 2  
  132  7:30  Hive  
  132  7:32  Spire  
  132  7:36  Roach x3  
  137  7:43  Overseer  
  137  7:46  Overlord x4  
  137  7:51  Overlord  
  137  8:05  Ravager  
  139  8:06  Ravager x3  
  139  8:10  Hatchery  
  139  8:11  Overlord  
  141  8:12  Drone  
  141  8:13  Drone x7  
  148  8:25  Extractor  
  147  8:28  Extractor, Queen x2  
  143  8:42  Drone x3  
  143  8:44  Drone x3  
  143  8:45  Drone x2  
  143  8:46  Greater Spire  
  148  8:50  Drone x3, Spore Crawler  
  148  8:53  Drone, Viper x2  
  157  8:58  Overlord x3  
  157  9:02  Hydralisk Den  
  157  9:03  Queen x2  
  157  9:06  Spine Crawler  
  157  9:07  Spine Crawler x2  
  157  9:34  Muscular Augments  
  157  9:35  Corruptor  
  157  9:36  Corruptor x5  
  165  9:39  Queen  
  167  9:46  Corruptor x2  
  167  9:48  Queen x2  
  175  10:00  Zerg Flyer Armor Level 1  
  175  10:18  Corruptor x2, Brood Lord x5  
  175  10:21  Brood Lord  
  191  10:31  Brood Lord x2  
  195  10:40  Corruptor, Overlord  
  187  11:02  Roach x7  
  187  11:03  Roach x2  
  185  11:29  Hydralisk x2  
  185  11:30  Hydralisk x12  
  195  11:39  Hydralisk  
  191  11:40  Hydralisk  
  193  11:51  Hydralisk x2  
  193  11:52  Hydralisk  
  196  12:41  Hydralisk  
  196  12:42  Hydralisk  
Show
View Real Time Build Order
Export as new Build Order

DeMusliM Terran 

Build Orders: Hellion Opening, Mech 

Get SALT Encoding   

  12  0:00  SCV  
  13  0:12  SCV  
  14  0:17  Supply Depot  
  14  0:24  SCV  
  15  0:39  SCV  
  15  0:41  Barracks  
  16  0:44  Refinery  
  16  0:51  SCV  
  17  1:03  SCV  
  18  1:15  SCV  
  19  1:28  Orbital Command, Marine  
  20  1:38  Command Center  
  20  1:46  Marine  
  21  1:53  Factory  
  21  1:56  SCV  
  22  2:06  Barracks Reactor  
  22  2:08  Supply Depot  
  22  2:10  SCV  
  23  2:24  Refinery  
  23  2:30  SCV  
  24  2:42  SCV  
  25  2:46  Armory  
  25  2:48  Hellion x2  
  29  2:54  SCV  
  29  2:56  Orbital Command  
  30  2:59  Reaper  
  31  3:09  Hellion  
  31  3:12  Hellion  
  35  3:14  SCV  
  36  3:22  SCV  
  36  3:26  SCV  
  38  3:28  Bunker  
  38  3:31  Hellion  
  38  3:34  Hellion  
  42  3:38  SCV  
  43  3:42  SCV  
  44  3:49  Supply Depot  
  44  3:50  SCV  
  44  3:52  Supply Depot  
  44  3:55  SCV  
  46  4:11  SCV x2  
  46  4:16  Supply Depot  
  48  4:23  SCV x2, Hellion x2  
  42  4:34  Hellion x2  
  42  4:35  SCV x2  
  44  4:38  Command Center  
  44  4:43  Terran Vehicle Weapons Level 1  
  44  4:46  Hellion  
  44  4:47  Hellion, SCV  
  44  4:49  SCV  
  44  4:51  Starport  
  44  4:52  Barracks Tech Lab  
  50  4:59  SCV  
  51  5:01  SCV  
  52  5:07  Hellion  
  52  5:08  Hellion  
  52  5:11  SCV, Supply Depot  
  52  5:13  SCV  
  58  5:23  SCV  
  58  5:24  Factory  
  58  5:25  SCV, Refinery, Factory  
  58  5:26  Refinery  
  60  5:29  Hellion  
  60  5:30  Hellion  
  60  5:31  Barracks Tech Lab  
  64  5:35  SCV  
  64  5:37  SCV  
  64  5:38  Banshee  
  69  5:48  SCV  
  69  5:49  SCV  
  69  5:50  Orbital Command  
  69  5:53  Hellion x2  
  73  6:00  SCV  
  73  6:01  SCV  
  75  6:07  Factory Tech Lab  
  75  6:10  Supply Depot  
  75  6:12  SCV, Supply Depot  
  75  6:13  SCV  
  75  6:17  Siege Tank  
  75  6:18  Hellion x2  
  84  6:20  Orbital Command  
  84  6:23  Viking  
  84  6:24  SCV  
  87  6:27  SCV  
  88  6:34  Engineering Bay  
  88  6:36  SCV  
  88  6:37  Refinery, Supply Depot  
  88  6:38  Siege Tank  
  88  6:39  SCV  
  93  6:41  Refinery  
  93  6:46  Supply Depot  
  93  6:48  SCV x2  
  93  6:51  SCV, Siege Tank  
  99  6:55  Terran Vehicle Weapons Level 2  
  99  6:58  Hellion x13  
  99  7:00  SCV x2, Armory  
  101  7:03  SCV  
  101  7:04  Hellion  
  104  7:11  Factory  
  104  7:12  Factory  
  104  7:20  Hellion, Siege Tank  
  104  7:21  SCV x2  
  107  7:24  Banshee  
  107  7:29  Supply Depot  
  110  7:31  SCV  
  110  7:33  SCV x2  
  111  7:37  Siege Tank  
  111  7:43  SCV  
  119  7:44  Hellion x2  
  119  7:45  SCV x2  
  119  7:48  Supply Depot  
  119  7:49  Supply Depot  
  121  7:52  Supply Depot, Command Center  
  121  7:56  Terran Vehicle And Ship Armor Level 1  
  121  8:01  Factory Tech Lab, Factory Reactor, Siege Tank  
  121  8:02  SCV  
  121  8:03  Supply Depot  
  125  8:12  Siege Tank  
  132  8:13  Hellion x2  
  132  8:21  Factory, Starport Reactor  
  132  8:26  Siege Tank  
  135  8:28  SCV x2  
  135  8:29  Smart Servos  
  135  8:30  Infernal Pre-Igniter  
  135  8:33  Siege Tank  
  136  8:34  Hellion  
  130  8:44  Siege Tank  
  130  8:45  Hellion  
  131  8:49  Hellion x2  
  131  8:58  Hellion, Siege Tank  
  131  8:59  Viking x2  
  140  9:05  Siege Tank  
  140  9:06  Hellion  
  145  9:11  Hellion  
  145  9:14  Command Center  
  145  9:15  Hellion, Siege Tank  
  152  9:21  Siege Tank  
  152  9:22  Hellion  
  155  9:29  Hellion  
  155  9:30  Siege Tank  
  157  9:38  Siege Tank  
  158  9:41  SCV x2  
  158  9:42  SCV  
  158  9:44  Planetary Fortress  
  161  9:48  Hellion x2, Siege Tank  
  161  9:52  Supply Depot  
  168  9:53  Missile Turret  
  168  9:54  Supply Depot, Missile Turret  
  168  9:57  Refinery  
  168  9:58  Refinery, Viking x2  
  172  10:02  Missile Turret  
  172  10:03  Missile Turret  
  172  10:04  Hellion, Siege Tank  
  172  10:05  Hellion  
  179  10:14  Hellion x3, Siege Tank  
  188  10:20  Hellion  
  190  10:26  Hellion x2  
  194  10:34  Viking  
  198  10:35  Hellion  
  198  10:53  Viking  
  198  10:55  Thor  
  198  10:56  Hellion x3  
  197  10:57  Thor  
  197  11:00  Thor  
  197  11:04  Viking  
  169  11:12  Thor  
  156  11:21  Hellion  
  156  11:23  Viking  
  143  11:29  Hellion x2  
  135  11:34  Viking  
  135  11:38  Thor  
  138  11:40  Siege Tank  
  138  11:41  Hellion  
  138  11:43  Hellion, Siege Tank  
  141  11:52  Hellion x2  
  141  11:53  Viking  
  147  12:03  Thor  
  147  12:04  Hellion, Viking  
  147  12:05  Hellion  
  156  12:21  Thor  
  159  12:23  Viking  
  157  12:34  Viking  
  157  12:35  Hellion x2, Siege Tank x2  
  163  12:42  Hellion x2  
  165  12:46  Hellion  
Tags
 
Add a new tag
Caveats
  • Supply blocks, unpowered buildings, or Contaminate may cause inaccurate times.
  • Supply counts are checked every 10 seconds.